 Dungeon Crawl Stone Soup version 0.29.1-1-gd02db6906a (webtiles) character file.

Game seed: 14797547851611161881

150 mcbry74 the Chopper (level 5, -3/46 HPs)
             Began as a Minotaur Berserker on Sept 21, 2022.
             Was a Priest of Trog.
             Succumbed to Robin's poison
             ... on level 3 of the Dungeon.
             The game lasted 00:05:29 (2221 turns).

mcbry74 the Chopper (Minotaur Berserker)            Turns: 2221, Time: 00:05:30

Health: -3/46      AC:  6    Str: 22    XL:     5   Next: 10%
Magic:  4/4        EV: 10    Int:  6    God:    Trog [***...]
Gold:   82         SH:  0    Dex:  9    Spells: 4/4 levels left

rFire   . . .      SeeInvis .   a - +0 hand axe
rCold   + . .      Faith    .   (no shield)
rNeg    . . .      Spirit   .   r - +0 scale mail
rPois   .          Reflect  .   (helmet restricted)
rElec   .          Harm     .   (no cloak)
rCorr   .          Rampage  .   (no gloves)
Will    .....                   (no boots)
Stlth   ..........              (no amulet)
HPRegen 0.15/turn               n - ring of protection from cold
MPRegen 0.09/turn               (no ring)

@: lethally poisoned (-3 -> -40)
A: horns 2, retaliatory headbutt
a: Renounce Religion, Berserk, Trog's Hand


You were on level 3 of the Dungeon.
You worshipped Trog.
Trog was most pleased with you.
You visited 1 branch of the dungeon, and saw 3 of its levels.

You collected 82 gold pieces.

Inventory:

Hand Weapons
 a - a +0 hand axe (weapon)
Missiles
 g - 23 stones (quivered)
 i - 6 poisoned darts
Armour
 b - a +0 animal skin
 c - a +0 ring mail
 r - a +0 scale mail (worn)
Jewellery
 n - a ring of protection from cold (left hand)
Scrolls
 d - 4 scrolls of identify {unknown}
 e - a scroll of vulnerability {unknown}
 f - a scroll of magic mapping {unknown}
 o - a scroll of amnesia {unknown}
 p - a scroll of blinking {unknown}
 q - a scroll of brand weapon {unknown}
Potions
 h - a potion of brilliance {unknown}
 j - a potion of curing {unknown}
 k - a potion of flight {unknown}
 l - a potion of heal wounds {unknown}
 m - a potion of berserk rage {unknown}
 s - a potion of degeneration {unknown}


   Skills:
 - Level 4.0 Fighting
 + Level 4.9 Axes
 + Level 1.9 Throwing
 - Level 3.0 Armour
 + Level 3.7 Dodging


You had 4 spell levels left.
You didn't know any spells.
Your spell library contained the following spells:

 Spells                   Type           Power      Damage    Failure   Level
 Blink                    Tloc           0%         N/A       89%         2
 Dazzling Flash           Conj/Hex       0%         N/A       98%         3
 Lesser Beckoning         Tloc           0%         N/A       98%         3
 Cause Fear               Hex            0%         N/A       100%        4
 Iskenderun's Mystic Bla  Conj/Tloc      0%         2d3       100%        4
 Manifold Assault         Tloc           0%         N/A       100%        5
 Starburst                Conj/Fire      0%         6d3       100%        6
 Dragon Form              Tmut           0%         N/A       100%        7
 Dragon's Call            Summ           0%         N/A       100%        9


Dungeon Overview and Level Annotations

Branches:
Dungeon (3/15)

Altars:

Annotations:
D:3 Robin


Innate Abilities, Weirdness & Mutations

You have a pair of horns on your head.
You reflexively headbutt those who attack you in melee.


Message History

Throw: 24 stones
Press: ? - help, Q - select action, (/) - cycle Shift-Dir - straight line, f/p - Robin
Aim: Robin, wielding a +5 spear of venom, wearing a +0 animal skin and wearing a +0 helmet (lightly wounded, 64% to hit)
You throw a stone.
The stone hits Robin but does no damage.
Robin is lightly wounded.
Robin closely misses you.
You hit Robin but do no damage.
Robin is lightly wounded.
Robin hits you with a +5 spear of venom.
You are poisoned.
You hit Robin.
Robin is lightly wounded.
You feel very sick.
Robin hits you with a +5 spear of venom.
You are more poisoned.
You hit Robin.
Robin is heavily wounded.
You feel very sick.
Robin hits you with a +5 spear of venom.
You are lethally poisoned!
You barely miss Robin.
Robin is heavily wounded.
You feel very sick.
Robin hits you with a +5 spear of venom.
You are more poisoned.
You barely miss Robin. You headbutt Robin.
Robin is severely wounded.
* * * LOW HITPOINT WARNING * * *
You feel very sick.
Robin hits you with a +5 spear of venom.
* * * LOW HITPOINT WARNING * * *
You are more poisoned.
Saving game... please wait.
Level annotation: Robin Welcome back, mcbry74 the Minotaur Berserker.
Trog says: Kill them all!
Press ? for a list of commands and other information.
Robin attacks as you move away! Robin hits you but does no damage.
You die...

.......##.#####..#####.###.#
.###.#..........#..........#
.# #.#.#.......###.....#####
.# #.#g#.######.#.######
.###.#.#.# ##.## .......#.#
### .###.###.# .# #)#
#.############# .# #)#
#......g.@....# .# #.#
#############.# .# #.#
.###.# .##..# .##.######
.....gg))# ###.####g# #.# .#


You could see Robin.

Vanquished Creatures
  Jessica (D:2)
  A gnoll (D:1)
  3 adders (D:2)
  A worm (D:2)
  5 dart slugs
  An orc (D:3)
  4 ball pythons
  2 bats (D:1)
  4 endoplasms (D:1)
  5 giant cockroaches
  14 goblins
  3 hobgoblins
  7 jackals (D:1)
  4 kobolds
  2 quokkas
  4 frilled lizards
  7 rats
68 creatures vanquished.

Notes
Turn   | Place    | Note
-------+----------+-------------------------------------------
     0 | D:1      | mcbry74 the Minotaur Berserker began the quest for the Orb.
     0 | D:1      | Reached XP level 1. HP: 19/19 MP: 0/0
   105 | D:1      | Reached XP level 2. HP: 23/27 MP: 1/1
   351 | D:1      | Reached XP level 3. HP: 33/33 MP: 2/2
   364 | D:1      | Reached ** piety under Trog
   960 | D:2      | Reached XP level 4. HP: 32/40 MP: 3/3
  1146 | D:2      | Reached skill level 1 in Throwing
  1315 | D:2      | Noticed Jessica
  1322 | D:2      | Killed Jessica
  1957 | D:3      | Noticed Robin
  1962 | D:3      | Reached XP level 5. HP: 46/46 MP: 4/4
  1990 | D:3      | Reached *** piety under Trog
  2221 | D:3      | Succumbed to Robin's poison

Illustrated notes

Levels and vault maps discovered:
D:1:      dreamdust_arrival_beginning_and_end, layout_basic, minivault_23,
          minmay_tall_x
D:2:      layout_basic, uniq_jessica
D:3:      layout_loops_ring, uniq_robin

Skill      XL: |  1  2  3  4 |
---------------+-------------+-----
Fighting       | 4 |  4.0
Axes           | 4 |  4.9
Armour         | 3 |  3.0
Dodging        | 3 |  3.7
Throwing       | 1 |  1.9

Action                   |  1- 3 |  4- 6 || total
-------------------------+-------+-------++-------
Melee: Hand axe          |    86 |    61 ||   147
       Headbutt          |    15 |     7 ||    22
       Punch             |     1 |       ||     1
Throw: Stone             |       |     4 ||     4
Armor: Ring mail         |    25 |     7 ||    32
       Animal skin       |     1 |       ||     1
       Scale mail        |       |    23 ||    23
Dodge: Dodged            |    46 |    26 ||    72
